TOP OF THE 1ST |
San Francisco Giants batting - Pitching for Colorado Rockies : LHP Adrian Hamilton
|
Pitching: LHP Adrian Hamilton
|
|
Batting: RHB Jason May
|
0-0: Ball 1-0: Swinging Strike 1-1: Ball 2-1: Called Strike 2-2: Ball 3-2: DOUBLE (Line Drive, 89M, EV 106.3 MPH)
|
Batting: RHB Nick Rigden
|
0-0: Ball 1-0: Swinging Strike 1-1: Foul Ball, location: 2F 1-2: Ball 2-2: Ground out U3 (Groundball, 13, EV 88.8 MPH) Jason May to third
|
Batting: LHB Jack Henningar
|
0-0: Ball 1-0: Called Strike 1-1: Called Strike 1-2: Foul Ball, location: 2F 1-2: Strikes out swinging
|
Batting: RHB Sean Zielinski
|
0-0: Foul Ball, location: 2F 0-1: SINGLE (Line Drive, 7S, EV 98.8 MPH) Jason May scores
|
Batting: LHB Willis Robles
|
0-0: Called Strike 0-1: Ball Sean Zielinski steals 2nd base 1-1: Called Strike 1-2: Foul Ball, location: 2F 1-2: Strikes out swinging
|
Top of the 1st over - 1 run, 2 hits, 0 errors, 1 left on base; San Francisco 1 - Colorado 0 |
BOTTOM OF THE 1ST |
Colorado Rockies batting - Pitching for San Francisco Giants : RHP Ted Mosley
|
Pitching: RHP Ted Mosley
|
|
Batting: RHB Joel Haycock
|
0-0: Ball 1-0: Ball 2-0: Called Strike 2-1: Swinging Strike 2-2: Foul Ball, location: 2F 2-2: Foul Ball, location: 2F 2-2: Ball 3-2: Base on Balls
|
Batting: RHB Roberto Rodriguez
|
0-0: Foul Ball, location: 2F 0-1: Ball 1-1: Sac Bunt to 23 - play at first, batter OUT! 3-4 Joel Haycock to second
|
Batting: SHB Chris Blue
|
0-0: Fly out, F9 (Flyball, 9S, EV 92.5 MPH)
|
Batting: RHB Jason Andrews
|
0-0: Foul Ball, location: 2F 0-1: TRIPLE (Flyball, 9LD, EV 113.1 MPH) Joel Haycock scores
|
Batting: LHB Fabiano Perrolas
|
0-0: Called Strike 0-1: Ball 1-1: Swinging Strike 1-2: Strikes out looking
|
Bottom of the 1st over - 1 run, 1 hit, 0 errors, 1 left on base; San Francisco 1 - Colorado 1 |
TOP OF THE 2ND |
San Francisco Giants batting - Pitching for Colorado Rockies : LHP Adrian Hamilton
|
Batting: SHB Ryan Doss
|
0-0: Ground out 5-3 (Groundball, 56S, EV 91.3 MPH)
|
Batting: RHB Kanehisa Kubo
|
0-0: Ball 1-0: Ball 2-0: Called Strike 2-1: Foul Ball, location: 2F 2-2: Strikes out looking
|
Batting: LHB John Blair
|
0-0: Called Strike 0-1: Called Strike 0-2: Ball 1-2: Strikes out swinging
|
Top of the 2nd over - 0 runs, 0 hits, 0 errors, 0 left on base; San Francisco 1 - Colorado 1 |
BOTTOM OF THE 2ND |
Colorado Rockies batting - Pitching for San Francisco Giants : RHP Ted Mosley
|
Batting: RHB Leo Mair
|
0-0: Ball 1-0: Ball 2-0: Ball 3-0: Called Strike 3-1: Base on Balls
|
Batting: RHB Chad Thompson
|
0-0: Ball 1-0: Foul Ball, location: 2F 1-1: Ball 2-1: Ball 3-1: Called Strike 3-2: Strikes out swinging
|
Batting: RHB Sterling Acosta
|
0-0: Grounds into double play, 5-4-3 (Groundball, 56, EV 89.4 MPH)
|
Bottom of the 2nd over - 0 runs, 0 hits, 0 errors, 0 left on base; San Francisco 1 - Colorado 1 |
TOP OF THE 3RD |
San Francisco Giants batting - Pitching for Colorado Rockies : LHP Adrian Hamilton
|
Batting: RHB Itsuo Egami
|
0-0: Swinging Strike 0-1: Ground out 4-3 (Groundball, 4, EV 85.6 MPH)
|
Batting: RHB Jason May
|
0-0: Called Strike 0-1: Ball 1-1: Swinging Strike 1-2: Strikes out swinging, 2-3 out at first.
|
Batting: RHB Nick Rigden
|
0-0: Ball 1-0: Ball 2-0: Fly out, F5 (Flyball, 5D, EV 80.6 MPH)
|
Top of the 3rd over - 0 runs, 0 hits, 0 errors, 0 left on base; San Francisco 1 - Colorado 1 |
BOTTOM OF THE 3RD |
Colorado Rockies batting - Pitching for San Francisco Giants : RHP Ted Mosley
|
Batting: RHB Stephen Charbonneau
|
0-0: SINGLE (Line Drive, 8RS, EV 111.9 MPH)
|
Batting: RHB Joel Haycock
|
0-0: Ball 1-0: Foul Ball, location: 2F 1-1: Foul Ball, location: 2F 1-2: Grounds into double play, 6-4-3 (Groundball, 6MD, EV 78.8 MPH)
|
Batting: RHB Roberto Rodriguez
|
0-0: Ball 1-0: Foul Ball, location: 2F 1-1: Ball 2-1: Swinging Strike 2-2: Strikes out swinging
|
Bottom of the 3rd over - 0 runs, 1 hit, 0 errors, 0 left on base; San Francisco 1 - Colorado 1 |
TOP OF THE 4TH |
San Francisco Giants batting - Pitching for Colorado Rockies : LHP Adrian Hamilton
|
Batting: LHB Jack Henningar
|
0-0: Called Strike 0-1: Fly out, F9 (Flyball, 9LM, EV 76.3 MPH)
|
Batting: RHB Sean Zielinski
|
0-0: Ball 1-0: SINGLE (Line Drive, 34D, EV 99.4 MPH)
|
Batting: LHB Willis Robles
|
0-0: Fly out, F7 (Flyball, 7LS, EV 86.9 MPH)
|
Batting: SHB Ryan Doss
|
0-0: Ball 1-0: Ground out 5-3 (Groundball, 56S, EV 87.5 MPH)
|
Top of the 4th over - 0 runs, 1 hit, 0 errors, 1 left on base; San Francisco 1 - Colorado 1 |
BOTTOM OF THE 4TH |
Colorado Rockies batting - Pitching for San Francisco Giants : RHP Ted Mosley
|
Batting: SHB Chris Blue
|
0-0: Ball 1-0: Ball 2-0: Ball 3-0: Called Strike 3-1: Called Strike 3-2: Base on Balls
|
Batting: RHB Jason Andrews
|
0-0: Ball 1-0: Ball 2-0: Called Strike 2-1: Swinging Strike 2-2: Foul Ball, location: 2F 2-2: Ball 3-2: Fielders Choice at 2nd, 1-6 (Groundball, 13S, EV 70.6 MPH)
|
Batting: LHB Fabiano Perrolas
|
0-0: Called Strike Jason Andrews steals 2nd base 0-1: Ball 1-1: Called Strike 1-2: Strikes out swinging
|
Batting: RHB Leo Mair
|
0-0: Called Strike 0-1: Ball 1-1: Ball 2-1: Foul Ball, location: 2F 2-2: Foul Ball, location: 2F 2-2: Ball 3-2: Ground out 4-3 (Groundball, 4M, EV 91.9 MPH)
|
Bottom of the 4th over - 0 runs, 0 hits, 0 errors, 1 left on base; San Francisco 1 - Colorado 1 |
TOP OF THE 5TH |
San Francisco Giants batting - Pitching for Colorado Rockies : LHP Adrian Hamilton
|
Batting: RHB Kanehisa Kubo
|
0-0: Called Strike 0-1: Foul Ball, location: 2F 0-2: Strikes out swinging
|
Batting: LHB John Blair
|
0-0: Ball 1-0: Ball 2-0: Called Strike 2-1: Called Strike 2-2: SINGLE (Groundball, 6MD, EV 100.6 MPH)
|
Batting: RHB Itsuo Egami
|
0-0: Swinging Strike 0-1: SINGLE (Groundball, 6MD, EV 97.5 MPH) John Blair to second
|
Batting: RHB Jason May
|
0-0: Fly out, F7 (Flyball, 78M, EV 95.6 MPH)
|
Batting: RHB Nick Rigden
|
0-0: TRIPLE (Flyball, 89XD, EV 113.1 MPH) John Blair scores Itsuo Egami scores
|
Batting: LHB Jack Henningar
|
0-0: Foul Ball, location: 2F 0-1: Ball 1-1: Ball Wild Pitch! Nick Rigden scores 2-1: Ball 3-1: Base on Balls
|
Batting: RHB Sean Zielinski
|
0-0: Called Strike Jack Henningar is caught stealing 2nd base 2-4
|
Top of the 5th over - 3 runs, 3 hits, 0 errors, 0 left on base; San Francisco 4 - Colorado 1 |
BOTTOM OF THE 5TH |
Colorado Rockies batting - Pitching for San Francisco Giants : RHP Ted Mosley
|
Batting: RHB Chad Thompson
|
0-0: Called Strike 0-1: Called Strike 0-2: Strikes out swinging
|
Batting: RHB Sterling Acosta
|
0-0: TRIPLE (Flyball, 89XD, EV 109.4 MPH)
|
Batting: RHB Stephen Charbonneau
|
0-0: Called Strike 0-1: Ball 1-1: Ball 2-1: Ground out 6-3 (Groundball, 6, EV 90.6 MPH) Sterling Acosta scores
|
Batting: RHB Joel Haycock
|
0-0: Ball 1-0: Called Strike 1-1: Ball 2-1: Ball 3-1: Swinging Strike 3-2: Base on Balls
|
Batting: RHB Roberto Rodriguez
|
0-0: Ball 1-0: Foul Ball, location: 2F 1-1: Swinging Strike 1-2: Ball 2-2: Fielders Choice at 2nd, 6-4 (Groundball, 6, EV 102.5 MPH)
|
Bottom of the 5th over - 1 run, 1 hit, 0 errors, 1 left on base; San Francisco 4 - Colorado 2 |
TOP OF THE 6TH |
San Francisco Giants batting - Pitching for Colorado Rockies : LHP Adrian Hamilton
|
Batting: RHB Sean Zielinski
|
0-0: Ball 1-0: Ground out 5-3 (Groundball, 56, EV 107.5 MPH)
|
Batting: LHB Willis Robles
|
0-0: Ball 1-0: DOUBLE (Groundball, 3L, EV 101.9 MPH)
|
Batting: SHB Ryan Doss
|
0-0: Ball 1-0: Fly out, F8 (Flyball, 8LM, EV 73.8 MPH)
|
Batting: RHB Kanehisa Kubo
|
0-0: Called Strike 0-1: Ball 1-1: Ball 2-1: SINGLE (Line Drive, 5D, EV 101.9 MPH) Willis Robles to third Runner from 3rd tries for Home, SAFE, throw by LF to home
|
Pitching: RHP Oscar Munoz
|
|
Batting: LHB John Blair
|
0-0: Called Strike 0-1: Ball 1-1: Ball 2-1: SINGLE (Line Drive, 9S, EV 101.9 MPH) Kanehisa Kubo to second
|
Batting: RHB Itsuo Egami
|
0-0: Ball 1-0: Swinging Strike 1-1: Called Strike 1-2: Strikes out looking
|
Top of the 6th over - 1 run, 3 hits, 0 errors, 2 left on base; San Francisco 5 - Colorado 2 |
BOTTOM OF THE 6TH |
Colorado Rockies batting - Pitching for San Francisco Giants : RHP Ted Mosley
|
Batting: SHB Chris Blue
|
0-0: Ball 1-0: Ball 2-0: Called Strike 2-1: Ball 3-1: Called Strike 3-2: SINGLE (Groundball, 4MD, EV 100.6 MPH) (infield hit)
|
Pitching: RHP Ben Sheets
|
|
Batting: RHB Jason Andrews
|
0-0: Ball 1-0: Ball 2-0: Fly out, F4 (Line Drive, 4, EV 74.4 MPH)
|
Batting: LHB Fabiano Perrolas
|
0-0: Ball 1-0: Fielders Choice at 2nd, 4-6 (Groundball, 4D, EV 102.5 MPH)
|
Now at SS: Henri Cederberg
|
|
Batting: RHB Leo Mair
|
0-0: Ball 1-0: Called Strike 1-1: Swinging Strike 1-2: Ball 2-2: Ground out 4-3 (Groundball, 4, EV 84.4 MPH)
|
Bottom of the 6th over - 0 runs, 1 hit, 0 errors, 1 left on base; San Francisco 5 - Colorado 2 |
TOP OF THE 7TH |
San Francisco Giants batting - Pitching for Colorado Rockies : RHP Oscar Munoz
|
Batting: RHB Jason May
|
0-0: Called Strike 0-1: Ball 1-1: Called Strike 1-2: Strikes out swinging
|
Batting: RHB Nick Rigden
|
0-0: Ball 1-0: Fly out, F9 (Flyball, 9, EV 79.4 MPH)
|
Batting: LHB Jack Henningar
|
0-0: Called Strike 0-1: SOLO HOME RUN (Flyball, 8LXD, EV 110.0 MPH), Distance : 424 ft
|
Batting: RHB Sean Zielinski
|
0-0: Called Strike 0-1: Foul Ball, location: 2F 0-2: Foul Ball, location: 2F 0-2: Ball 1-2: Foul Ball, location: 2F 1-2: Foul Ball, location: 2F 1-2: DOUBLE (Flyball, 9LD, EV 110.6 MPH)
|
Batting: LHB Willis Robles
|
0-0: Swinging Strike 0-1: Ball 1-1: Ball 2-1: Foul Ball, location: 2F 2-2: Ball 3-2: Base on Balls
|
Pitching: RHP Gabe Baxter
|
|
Batting: SHB Ryan Doss
|
0-0: Called Strike 0-1: Ball 1-1: Ball 2-1: Called Strike 2-2: Foul Ball, location: 2F 2-2: Ground out 4-3 (Groundball, 4, EV 104.4 MPH)
|
Top of the 7th over - 1 run, 2 hits, 0 errors, 2 left on base; San Francisco 6 - Colorado 2 |
BOTTOM OF THE 7TH |
Colorado Rockies batting - Pitching for San Francisco Giants : RHP Ben Sheets
|
Pitching: RHP Borisz Barciniak
|
|
Batting: RHB Chad Thompson
|
0-0: Ball 1-0: Ball 2-0: DOUBLE (Groundball, 5L, EV 95.0 MPH)
|
Batting: RHB Sterling Acosta
|
0-0: Called Strike 0-1: Swinging Strike 0-2: SINGLE (Groundball, 6MD, EV 94.4 MPH) Chad Thompson to third
|
Batting: RHB Stephen Charbonneau
|
0-0: Called Strike 0-1: Ball 1-1: Called Strike 1-2: Foul Ball, location: 2F 1-2: Strikes out swinging
|
Batting: RHB Joel Haycock
|
0-0: Called Strike 0-1: Called Strike 0-2: Foul Ball, location: 2F 0-2: Ball 1-2: Foul Ball, location: 2F 1-2: 3-RUN HOME RUN (Line Drive, 9D, EV 95.6 MPH), Distance : 375 ft
|
Pitching: RHP Johnny Munoz
|
|
Batting: RHB Roberto Rodriguez
|
0-0: Ball 1-0: Swinging Strike 1-1: SINGLE (Groundball, 6D, EV 96.9 MPH)
|
Batting: SHB Chris Blue
|
0-0: Ball 1-0: Foul Ball, location: 2F 1-1: Fly out, F5 (Popup, 5SF, EV 85.0 MPH)
|
Batting: RHB Jason Andrews
|
0-0: Called Strike 0-1: Ball Roberto Rodriguez is caught stealing 2nd base 2-4
|
Bottom of the 7th over - 3 runs, 4 hits, 0 errors, 0 left on base; San Francisco 6 - Colorado 5 |
TOP OF THE 8TH |
San Francisco Giants batting - Pitching for Colorado Rockies : RHP Gabe Baxter
|
Pitching: LHP Dave Burridge
|
|
Batting: RHB Kanehisa Kubo
|
0-0: Ball 1-0: Called Strike 1-1: Ball 2-1: Ball 3-1: Base on Balls
|
Batting: LHB John Blair
|
0-0: Called Strike 0-1: Called Strike 0-2: Strikes out looking
|
Batting: RHB Henri Cederberg
|
0-0: Ball 1-0: Ball 2-0: Ball 3-0: Base on Balls Kanehisa Kubo to second
|
Batting: RHB Jason May
|
0-0: Ball 1-0: Ball 2-0: Foul Ball, location: 2F 2-1: Ball Wild Pitch! Kanehisa Kubo to third Henri Cederberg to second 3-1: Foul Ball, location: 2F 3-2: Foul Ball, location: 2F 3-2: Foul Ball, location: 2F 3-2: Base on Balls
|
Batting: RHB Nick Rigden
|
0-0: Ball 1-0: Called Strike 1-1: Ball 2-1: Ball 3-1: Base on Balls Kanehisa Kubo scores Henri Cederberg to third Jason May to second
|
Pitching: RHP Victor Walshe
|
|
Batting: LHB Jack Henningar
|
0-0: Called Strike 0-1: Swinging Strike 0-2: Foul Ball, location: 2F 0-2: Strikes out swinging
|
Batting: RHB Sean Zielinski
|
0-0: Swinging Strike 0-1: Ball 1-1: Fly out, F7 (Flyball, 7S, EV 92.5 MPH)
|
Top of the 8th over - 1 run, 0 hits, 0 errors, 3 left on base; San Francisco 7 - Colorado 5 |
BOTTOM OF THE 8TH |
Colorado Rockies batting - Pitching for San Francisco Giants : RHP Johnny Munoz
|
Pitching: LHP Tyler Stancil
|
|
Batting: RHB Jason Andrews
|
0-0: SINGLE (Line Drive, 89M, EV 105.0 MPH)
|
Batting: LHB Fabiano Perrolas
|
0-0: Called Strike 0-1: Ball 1-1: SINGLE (Groundball, 25, EV 72.5 MPH) (infield hit) Jason Andrews to second
|
Batting: RHB Leo Mair
|
0-0: Foul Ball, location: 2F 0-1: Ball 1-1: Fly out, F9 (Line Drive, 9D, EV 105.0 MPH) Runner from 2nd tags up, SAFE at 3rd, no throw by RF
|
Batting: RHB Chad Thompson
|
0-0: Ball 1-0: Called Strike 1-1: Called Strike 1-2: Ball 2-2: Strikes out swinging
|
Batting: RHB Sterling Acosta
|
0-0: Ball 1-0: 3-RUN HOME RUN (Line Drive, 7LD, EV 100.0 MPH), Distance : 361 ft
|
Pitching: RHP Andrew Kindig
|
|
Batting: RHB Stephen Charbonneau
|
0-0: Called Strike 0-1: Ground out 5-3 (Groundball, 56, EV 86.9 MPH)
|
Bottom of the 8th over - 3 runs, 3 hits, 0 errors, 0 left on base; San Francisco 7 - Colorado 8 |
TOP OF THE 9TH |
San Francisco Giants batting - Pitching for Colorado Rockies : RHP Victor Walshe
|
Batting: LHB Willis Robles
|
0-0: TRIPLE (Flyball, 7LD, EV 103.1 MPH)
|
Batting: SHB Ryan Doss
|
0-0: Swinging Strike 0-1: Swinging Strike 0-2: Ball 1-2: Foul Ball, location: 2F 1-2: Ball 2-2: Strikes out looking
|
Batting: RHB Kanehisa Kubo
|
0-0: Ball Squeeze bunt is on, Willis Robles is out 1-1: Swinging Strike 1-2: Ball 2-2: Ball 3-2: Foul Ball, location: 2F 3-2: Foul Ball, location: 2F 3-2: Foul Ball, location: 2F 3-2: Base on Balls
|
Batting: LHB John Blair
|
0-0: Ball 1-0: Ball Wild Pitch! Kanehisa Kubo to second 2-0: Fly out, F8 (Flyball, 8LM, EV 75.0 MPH)
|
Top of the 9th over - 0 runs, 1 hit, 0 errors, 1 left on base; San Francisco 7 - Colorado 8 |
|